[ AOE2 MATCH · #505172635 ]
UnrankedBengalis vs Mongols
Player's team · WIN
Rival team · LOSS
[ REPLAY ANALYSIS · EXTRACTED FROM THE RECORDED GAME ]
Feudal
8:55
Castle
20:33
Imperial
37:32
| APM avg | 57.0 |
| APM peak | 125 |
| eAPM avg | 32.7 |
| Villagers / military | 172 / 545 |
Focus
⚔️ 53.0% · 🌾 47.0%
Scout Cavalry ×366 · Elephant Archer ×128 · Trebuchet (Packed) ×19 · Archer ×18 · Mangonel ×5 · Skirmisher ×5
Feudal
9:19
Castle
21:03
Imperial
35:55
| APM avg | 63.0 |
| APM peak | 115 |
| eAPM avg | 35.3 |
| Villagers / military | 221 / 217 |
Focus
⚔️ 48.7% · 🌾 51.3%
Mangudai ×94 · Skirmisher ×58 · Trade Cart ×51 · Mangonel ×32 · Archer ×15 · Trebuchet (Packed) ×9
Match map
Initial resources + every placement click. Lines = walls · curves = elevation contours. ◆ gold · ⬟ stone · ● berries · ✦ relic · ◌ wall gap
Your base· ✓ Closed at 20:33 · 41t walls · 3 gate(s)
STORM | Noszombie's base· ✓ Closed at 21:03 · 38t walls · 2 gate(s)
Smoothed initial terrain · ◌ = detected wall gap · hover for details
Inputs per minute
— CNZS_Still in Love - - STORM | Noszombie
Build order — CNZS_Still in Love
First 150 of 748 actions detected
| 0:01 | Create | Villager (Male) ×4 |
| 0:01 | Create | Villager (Male) ×4 |
| 0:02 | Build | House |
| 0:04 | Build | House |
| 1:24 | Create | Villager (Male) |
| 1:24 | Create | Villager (Male) |
| 2:10 | Create | Villager (Male) |
| 2:31 | Create | Villager (Male) |
| 2:31 | Create | Villager (Male) |
| 2:31 | Create | Villager (Male) |
| 2:45 | Build | Lumber Camp |
| 2:50 | Create | Villager (Male) |
| 3:18 | Create | Villager (Male) |
| 3:18 | Create | Villager (Male) |
| 4:04 | Create | Villager (Male) |
| 4:04 | Create | Villager (Male) |
| 4:18 | Create | Villager (Male) |
| 4:19 | Create | Villager (Male) |
| 4:20 | Create | Villager (Male) |
| 4:20 | Create | Villager (Male) |
| 4:52 | Build | Mill |
| 4:58 | Create | Villager (Male) |
| 5:20 | Create | Villager (Male) |
| 5:41 | Build | House |
| 5:54 | Research | Loom |
| 6:04 | Build | House |
| 6:06 | Build | Palisade Wall |
| 6:26 | Build | Palisade Wall |
| 6:28 | Build | Palisade Wall |
| 6:29 | Research | Feudal Age |
| 6:29 | Research | Feudal Age |
| 7:23 | Build | House |
| 7:23 | Create | Villager (Male) |
| 8:07 | Build | Palisade Wall |
| 8:14 | Build | Barracks |
| 8:19 | Build | Palisade Wall |
| 8:22 | Build | Palisade Wall |
| 8:39 | Build | Palisade Gate |
| 8:55 | Age | Feudal Age |
| 8:57 | Create | Villager (Male) |
| 9:05 | Create | Spearman |
| 9:15 | Create | Villager (Male) |
| 9:44 | Build | Archery Range |
| 9:48 | Create | Villager (Male) |
| 9:50 | Build | Archery Range |
| 10:04 | Research | Double-Bit Axe |
| 10:05 | Research | Double-Bit Axe |
| 10:07 | Create | Villager (Male) |
| 10:18 | Research | Town Watch |
| 10:20 | Create | Archer |
| 10:37 | Create | Villager (Male) |
| 10:50 | Build | Mining Camp |
| 10:58 | Build | Palisade Wall |
| 11:00 | Create | Villager (Male) |
| 11:04 | Create | Villager (Male) |
| 11:04 | Create | Villager (Male) |
| 11:22 | Create | Skirmisher |
| 11:22 | Create | Skirmisher |
| 11:46 | Create | Skirmisher |
| 11:53 | Build | Archery Range |
| 12:13 | Create | Skirmisher |
| 12:17 | Create | Archer |
| 12:21 | Build | House |
| 12:21 | Create | Villager (Male) |
| 12:22 | Create | Villager (Male) |
| 12:38 | Build | House |
| 12:41 | Build | Farm |
| 12:49 | Create | Skirmisher |
| 12:57 | Create | Archer |
| 13:06 | Build | Farm |
| 13:07 | Build | Farm |
| 13:21 | Build | Farm |
| 13:32 | Build | Farm |
| 13:39 | Build | Palisade Wall |
| 13:41 | Create | Villager (Male) |
| 13:41 | Create | Villager (Male) |
| 13:43 | Build | Farm |
| 14:08 | Create | Villager (Male) |
| 14:08 | Create | Villager (Male) |
| 14:10 | Build | Farm |
| 14:11 | Build | Farm |
| 14:22 | Build | Palisade Gate |
| 14:25 | Create | Villager (Male) |
| 14:25 | Create | Villager (Male) |
| 14:29 | Build | Palisade Wall |
| 14:33 | Build | Palisade Wall |
| 14:36 | Build | Farm |
| 14:37 | Build | Farm |
| 14:44 | Create | Villager (Male) |
| 14:44 | Create | Villager (Male) |
| 14:51 | Build | Palisade Wall |
| 14:53 | Build | Palisade Wall |
| 14:54 | Create | Archer |
| 14:55 | Create | Archer |
| 14:58 | Create | Villager (Male) |
| 15:00 | Build | Farm |
| 15:05 | Build | House |
| 15:26 | Create | Villager (Male) |
| 15:32 | Build | Market |
| 15:42 | Build | House |
| 15:47 | Build | Palisade Wall |
| 15:55 | Create | Villager (Male) |
| 16:07 | Build | Farm |
| 16:13 | Build | Farm |
| 16:15 | Create | Villager (Male) |
| 16:31 | Build | Farm |
| 16:39 | Build | Farm |
| 16:57 | Create | Villager (Male) |
| 17:00 | Build | Palisade Wall |
| 17:11 | Build | Palisade Wall |
| 17:13 | Build | Farm |
| 17:19 | Create | Villager (Male) |
| 17:49 | Research | Castle Age |
| 17:50 | Research | Castle Age |
| 17:58 | Create | Archer |
| 17:58 | Create | Archer |
| 18:07 | Create | Archer |
| 18:08 | Create | Archer |
| 18:08 | Create | Archer |
| 18:17 | Create | Archer |
| 18:17 | Create | Archer |
| 18:20 | Build | Palisade Wall |
| 18:24 | Research | Horse Collar |
| 18:25 | Research | Horse Collar |
| 18:35 | Research | Gold Mining |
| 18:41 | Create | Villager (Male) |
| 19:09 | Build | Blacksmith |
| 19:31 | Create | Archer |
| 19:31 | Create | Archer |
| 19:36 | Build | Palisade Gate |
| 19:41 | Create | Archer |
| 19:41 | Create | Archer |
| 19:43 | Research | Fletching |
| 19:44 | Research | Fletching |
| 19:44 | Research | Padded Archer Armor |
| 19:44 | Research | Padded Archer Armor |
| 20:02 | Build | House |
| 20:03 | Build | House |
| 20:06 | Build | House |
| 20:07 | Build | House |
| 20:33 | Age | Castle Age |
| 20:34 | Research | Bodkin Arrow |
| 20:34 | Research | Bodkin Arrow |
| 20:36 | Build | House |
| 20:38 | Research | Crossbowman (upgrade) |
| 20:38 | Research | Crossbowman (upgrade) |
| 20:43 | Create | Villager (Male) |
| 20:47 | Build | House |
| 21:09 | Create | Villager (Male) |
| 21:17 | Build | Siege Workshop |
Build order — STORM | Noszombie
First 150 of 739 actions detected
| 0:02 | Create | Villager (Male) |
| 0:02 | Create | Villager (Male) |
| 0:03 | Build | House |
| 0:04 | Build | House |
| 0:05 | Create | Villager (Male) |
| 0:15 | Create | Villager (Male) |
| 1:32 | Create | Villager (Male) |
| 1:46 | Build | Lumber Camp |
| 1:59 | Create | Villager (Male) |
| 2:20 | Create | Villager (Male) |
| 2:44 | Create | Villager (Male) |
| 2:58 | Create | Villager (Male) |
| 3:23 | Create | Villager (Male) |
| 3:34 | Create | Villager (Male) |
| 4:03 | Create | Villager (Male) |
| 4:20 | Create | Villager (Male) |
| 4:25 | Build | Barracks |
| 4:30 | Create | Villager (Male) |
| 4:56 | Create | Villager (Male) |
| 5:14 | Build | House |
| 5:19 | Build | House |
| 5:21 | Create | Militia |
| 5:21 | Create | Militia |
| 5:23 | Create | Villager (Male) |
| 5:45 | Create | Militia |
| 5:51 | Create | Villager (Male) |
| 6:04 | Build | Mill |
| 7:09 | Research | Feudal Age |
| 7:22 | Build | Mining Camp |
| 8:17 | Build | House |
| 8:50 | Build | Palisade Wall |
| 8:51 | Build | Palisade Wall |
| 8:53 | Build | Palisade Wall |
| 9:07 | Create | Villager (Male) |
| 9:19 | Age | Feudal Age |
| 9:22 | Build | Archery Range |
| 9:24 | Research | Double-Bit Axe |
| 9:26 | Research | Man-at-Arms (upgrade) |
| 9:26 | Research | Arson |
| 9:41 | Create | Villager (Male) |
| 9:54 | Create | Villager (Male) |
| 10:03 | Research | Horse Collar |
| 10:07 | Create | Archer |
| 10:13 | Build | House |
| 10:16 | Create | Villager (Male) |
| 10:30 | Build | Farm |
| 10:32 | Create | Villager (Male) |
| 10:47 | Create | Archer |
| 10:50 | Build | Farm |
| 10:56 | Create | Villager (Male) |
| 11:03 | Build | Farm |
| 11:32 | Create | Archer |
| 11:34 | Create | Villager (Male) |
| 11:50 | Create | Villager (Male) |
| 11:52 | Build | Farm |
| 11:59 | Build | Blacksmith |
| 12:02 | Build | House |
| 12:09 | Create | Archer |
| 12:23 | Create | Villager (Male) |
| 12:25 | Build | Farm |
| 12:32 | Create | Archer |
| 12:39 | Create | Villager (Male) |
| 12:41 | Build | Farm |
| 12:42 | Build | House |
| 12:43 | Build | Palisade Wall |
| 12:56 | Research | Fletching |
| 12:59 | Create | Skirmisher |
| 13:14 | Create | Archer |
| 13:20 | Create | Villager (Male) |
| 13:22 | Build | House |
| 13:23 | Build | Palisade Wall |
| 13:36 | Create | Archer |
| 13:41 | Create | Villager (Male) |
| 13:43 | Build | Farm |
| 14:11 | Create | Villager (Male) |
| 14:15 | Create | Villager (Male) |
| 14:17 | Build | House |
| 14:19 | Create | Villager (Male) |
| 14:26 | Build | Palisade Wall |
| 14:27 | Create | Villager (Male) |
| 14:31 | Build | Palisade Wall |
| 14:33 | Create | Archer |
| 14:35 | Create | Villager (Male) |
| 14:37 | Build | House |
| 14:46 | Build | Palisade Wall |
| 15:03 | Build | Farm |
| 15:06 | Build | Farm |
| 15:08 | Build | Farm |
| 15:12 | Build | Farm |
| 15:15 | Create | Villager (Male) |
| 15:15 | Create | Archer |
| 15:28 | Build | House |
| 15:30 | Build | Palisade Wall |
| 15:33 | Create | Archer |
| 15:36 | Build | Palisade Gate |
| 15:38 | Create | Villager (Male) |
| 15:43 | Build | Farm |
| 15:45 | Create | Villager (Male) |
| 16:01 | Build | Farm |
| 16:05 | Create | Archer |
| 16:10 | Build | Farm |
| 16:34 | Build | Market |
| 16:36 | Create | Villager (Male) |
| 16:37 | Build | Palisade Gate |
| 16:44 | Create | Villager (Male) |
| 16:56 | Create | Archer |
| 17:01 | Build | Farm |
| 17:08 | Build | House |
| 17:09 | Build | House |
| 17:32 | Create | Villager (Male) |
| 17:35 | Build | Farm |
| 17:42 | Research | Loom |
| 17:54 | Build | Farm |
| 18:23 | Research | Castle Age |
| 18:43 | Create | Trade Cart |
| 18:58 | Research | Gold Mining |
| 19:03 | Create | Trade Cart |
| 19:24 | Create | Archer |
| 19:35 | Build | House |
| 19:43 | Create | Archer |
| 19:45 | Create | Trade Cart |
| 20:01 | Build | House |
| 20:01 | Create | Villager (Male) |
| 20:02 | Create | Archer |
| 20:39 | Build | House |
| 21:03 | Age | Castle Age |
| 21:05 | Build | Palisade Wall |
| 21:07 | Research | Bodkin Arrow |
| 21:07 | Research | Crossbowman (upgrade) |
| 21:16 | Build | Siege Workshop |
| 21:17 | Create | Villager (Male) |
| 21:18 | Build | House |
| 21:20 | Build | House |
| 21:24 | Build | House |
| 21:33 | Research | Bow Saw |
| 21:33 | Research | Bow Saw |
| 21:41 | Create | Mangonel |
| 22:01 | Create | Villager (Male) |
| 22:24 | Create | Villager (Male) |
| 22:36 | Build | House |
| 22:46 | Create | Villager (Male) |
| 22:48 | Build | Town Center |
| 22:50 | Build | House |
| 23:02 | Build | Town Center |
| 23:18 | Research | Town Watch |
| 23:23 | Create | Villager (Male) |
| 23:32 | Research | Heavy Plow |
| 24:01 | Create | Villager (Male) |
| 24:06 | Build | Town Center |
| 24:12 | Create | Villager (Male) |
Match timeline
| 4:25 | STORM | Noszombie · first_building Barracks |
| 6:06 | CNZS_Still in Love · wall_segment Palisade Wall x2 |
| 6:26 | CNZS_Still in Love · wall_segment Palisade Wall x2 |
| 6:28 | CNZS_Still in Love · wall_segment Palisade Wall x4 |
| 8:07 | CNZS_Still in Love · wall_segment Palisade Wall x1 |
| 8:14 | CNZS_Still in Love · first_building Barracks |
| 8:19 | CNZS_Still in Love · wall_segment Palisade Wall x1 |
| 8:22 | CNZS_Still in Love · wall_segment Palisade Wall x1 |
| 8:50 | STORM | Noszombie · wall_segment Palisade Wall x1 |
| 8:51 | STORM | Noszombie · wall_segment Palisade Wall x2 |
| 8:53 | STORM | Noszombie · wall_segment Palisade Wall x6 |
| 8:55 | CNZS_Still in Love · age_up feudal |
| 9:19 | STORM | Noszombie · age_up feudal |
| 9:22 | STORM | Noszombie · first_building Archery Range |
| 9:44 | CNZS_Still in Love · first_building Archery Range |
| 10:58 | CNZS_Still in Love · wall_segment Palisade Wall x10 |
| 12:43 | STORM | Noszombie · wall_segment Palisade Wall x6 |
| 13:23 | STORM | Noszombie · wall_segment Palisade Wall x4 |
| 13:39 | CNZS_Still in Love · wall_segment Palisade Wall x1 |
| 14:26 | STORM | Noszombie · wall_segment Palisade Wall x5 |
| 14:29 | CNZS_Still in Love · wall_segment Palisade Wall x3 |
| 14:31 | STORM | Noszombie · wall_segment Palisade Wall x7 |
| 14:33 | CNZS_Still in Love · wall_segment Palisade Wall x5 |
| 14:46 | STORM | Noszombie · wall_segment Palisade Wall x4 |
| 14:51 | CNZS_Still in Love · wall_segment Palisade Wall x3 |
| 14:53 | CNZS_Still in Love · wall_segment Palisade Wall x6 |
| 15:30 | STORM | Noszombie · wall_segment Palisade Wall x3 |
| 15:47 | CNZS_Still in Love · wall_segment Palisade Wall x3 |
| 17:00 | CNZS_Still in Love · wall_segment Palisade Wall x1 |
| 17:11 | CNZS_Still in Love · wall_segment Palisade Wall x1 |
| 17:18 | CNZS_Still in Love · first_market_buy 100 food |
| 17:37 | CNZS_Still in Love · first_market_sell 100 stone |
| 18:01 | STORM | Noszombie · first_market_buy 100 food |
| 18:20 | CNZS_Still in Love · wall_segment Palisade Wall x1 |
| 20:33 | CNZS_Still in Love · age_up castle |
| 21:03 | STORM | Noszombie · age_up castle |
| 21:05 | STORM | Noszombie · wall_segment Palisade Wall x1 |
| 21:16 | STORM | Noszombie · first_building Siege Workshop |
| 21:17 | CNZS_Still in Love · first_building Siege Workshop |
| 27:36 | STORM | Noszombie · first_building Monastery |
| 28:24 | CNZS_Still in Love · first_building Stable |
| 29:48 | STORM | Noszombie · first_building Castle |
| 30:32 | CNZS_Still in Love · first_building Castle |
| 32:32 | STORM | Noszombie · first_market_sell 500 wood |
| 35:06 | STORM | Noszombie · first_building Stable |
| 35:55 | STORM | Noszombie · age_up imperial |
| 37:32 | CNZS_Still in Love · age_up imperial |
| 38:28 | STORM | Noszombie · wall_segment Stone Wall x1 |
| 38:28 | STORM | Noszombie · wall_segment Stone Wall x4 |
| 38:31 | STORM | Noszombie · wall_segment Stone Wall x1 |
| 38:32 | STORM | Noszombie · wall_segment Stone Wall x8 |
| 38:36 | STORM | Noszombie · wall_segment Stone Wall x7 |
| 39:50 | STORM | Noszombie · wall_segment Stone Wall x1 |
| 39:54 | CNZS_Still in Love · first_building Monastery |
| 42:11 | STORM | Noszombie · wall_segment Stone Wall x1 |
| 57:57 | STORM | Noszombie · resign |
[ AI ANALYSIS · 1 CREDIT ]
What really happened in this match?
Wolo.gg analyzes every decision: build order, eco, micro, common mistakes by bracket. Personalized analysis on WhatsApp or Discord in 30 seconds.
Civ guide
Bengalis
Perfil
Still in Love